AoeStats
← jonixponi

MegaRandom

510629522Analyzed
4v4 RM · 16d ago on Oct 1, 2026· 23m 35s· 8 players
Game mode
Random Map
Map size
Large (8 player)
Population
200
Speed
Normal
Resources
Standard
Victory
Conquest
Starting age
Dark Age
Ending age
Imperial Age
RankedLock teamsTeams togetherTeam positionsShared explorationLock speedFull tech treeHidden civsTurbo modeCheats
Victory
Defeat
🇵🇪 Magyars · Peru
1241
+12
🇨🇴 Romans · Colombia
1152
+16
🇨🇴 Mongols · Colombia
1088
+18
🇨🇴 Burmese · Colombia
1044
+20
vs
🇺🇸 Japanese · United States
1163
-17
🇹🇷 Koreans · Türkiye
1148
-17
🇪🇸 Huns · Spain
1133
-16
🇲🇽 Magyars · Mexico
1118
-16
Canablitz7546
8:36 Loom
10:55 Feudal Age
9:11 Loom
11:30 Double-Bit Axe
11:39 Horse Collar
15:24 Wheelbarrow
16:43 Town Watch
Huesofeo
11:40 Feudal Age
13:56 Horse Collar
19:11 Castle Age
19:00 Man-at-Arms
19:46 Gold Mining
19:45 Pikeman
21:05 Scale Mail Armor
21:20 Loom
23:21 Long Swordsman
EminenceShadow
lachanda420
Chexco9004
10:42 Feudal Age
12:39 Loom
15:03 Scale Barding Armor
21:15 Forging
eeliaaaas
jonixponi
logibll777
Connection lost

Rejoining the realm…

Still unreachable

The connection could not be restored.

Session expired

The server has moved on; the page needs a fresh start.